AoeStats
← P-Unit

MegaRandom

508071215Analyzed
4v4 RM · 12d ago on Sep 20, 2026· 44m 32s· 8 players
Game mode
Random Map
Map size
Large (8 player)
Population
200
Speed
Normal
Resources
Standard
Victory
Conquest
Starting age
Dark Age
Ending age
Imperial Age
RankedLock teamsTeams togetherTeam positionsShared explorationLock speedFull tech treeHidden civsTurbo modeCheats
Victory
Defeat
🇩🇪 Malians · Germany
1087
+13
🇩🇪 Khitans · Germany
1051
+14
🇩🇪 Goths · Germany
1050
+14
🇩🇪 Mongols · Germany
962
+18
🇮🇳 Magyars · India
1039
-16
🇺🇸 Slavs · United States
1009
-15
🇪🇸 Spanish · Spain
998
-40
🇭🇰 Britons · Hong Kong SAR China
982
-14
P-Unit
6:16 Loom
9:57 Feudal Age
10:23 Double-Bit Axe
10:21 Horse Collar
12:20 Man-at-Arms
15:49 Scale Mail Armor
15:59 Forging
23:05 Castle Age
21:55 Fletching
22:20 Gold Mining
22:23 Stone Mining
23:57 Bow Saw
23:49 Heavy Plow
24:36 Long Swordsman
25:17 Squires
24:40 Pikeman
26:39 Wheelbarrow
28:04 Chain Mail Armor
28:14 Hand Cart
32:52 Iron Casting
32:13 Bodkin Arrow
33:09 Detinets
38:34 Imperial Age
37:10 Detinets
37:01 Town Watch
39:21 Halberdier
39:22 Two-Handed Swordsman
42:17 Two-Man Saw
41:50 Crop Rotation
41:54 Plate Mail Armor
42:27 Blast Furnace
41:52 Champion
43:08 Caravan
44:50 Siege Engineers
44:59 Masonry
45:50 Chemistry
Rafa
2:33 Loom
14:09 Feudal Age
15:31 Wheelbarrow
14:39 Horse Collar
14:46 Double-Bit Axe
18:29 Castle Age
17:24 Scale Barding Armor
19:52 Town Watch
20:30 Hand Cart
20:18 Heavy Plow
20:33 Bow Saw
21:36 Chain Barding Armor
21:20 Padded Archer Armor
33:20 Imperial Age
31:58 Leather Archer Armor
33:18 Ballistics
35:18 Conscription
39:19 Ring Archer Armor
38:42 Fletching
40:07 Chemistry
41:11 Town Patrol
41:28 Forging
41:54 Plate Barding Armor
41:15 Bodkin Arrow
44:14 Two-Man Saw
OrewaNabil
9:28 Loom
12:15 Feudal Age
18:05 Castle Age
16:54 Double-Bit Axe
16:59 Horse Collar
19:46 Bow Saw
21:29 Corvinian Army
29:28 Bloodlines
29:51 Husbandry
31:55 Elite Skirmisher
32:28 Fletching
33:21 Thumb Ring
33:30 Padded Archer Armor
34:03 Bodkin Arrow
35:26 Scale Barding Armor
38:28 Leather Archer Armor
39:29 Light Cavalry
41:18 Chain Barding Armor
舒服
0:50 Loom
10:00 Feudal Age
18:21 Castle Age
21:19 Horse Collar
26:35 Gold Mining
27:57 Gold Shaft Mining
27:34 Double-Bit Axe
31:44 Imperial Age
29:19 Stone Mining
29:31 Heavy Plow
29:42 Bow Saw
30:19 Fletching
30:30 Padded Archer Armor
31:01 Bodkin Arrow
32:06 Leather Archer Armor
33:26 Two-Man Saw
38:56 Ballistics
38:52 Bracer
40:41 Ring Archer Armor
42:03 Ballistics
42:44 Chemistry
42:20 Caravan
44:57 Wheelbarrow
45:52 Chemistry
HighKiX
6:28 Loom
11:25 Feudal Age
19:07 Castle Age
19:51 Scale Mail Armor
20:02 Forging
26:45 Iron Casting
31:23 Chain Mail Armor
34:58 Imperial Age
33:32 Caravan
39:23 Plate Mail Armor
42:05 Double-Bit Axe
45:00 Fletching
xitix
5:03 Loom
10:46 Feudal Age
13:54 Forging
14:55 Bloodlines
18:18 Scale Barding Armor
18:24 Fletching
21:03 Town Watch
28:01 Castle Age
26:29 Double-Bit Axe
27:43 Horse Collar
29:07 Gold Mining
31:55 Wheelbarrow
34:53 Imperial Age
32:42 Bow Saw
34:41 Bodkin Arrow
34:47 Padded Archer Armor
36:39 Murder Holes
37:06 Hand Cart
39:13 Thumb Ring
39:38 Stone Mining
40:15 Husbandry
41:19 Conscription
42:12 Ballistics
42:33 Siege Engineers
42:16 Elite Skirmisher
44:20 Parthian Tactics
44:29 Leather Archer Armor
BeRnDi
7:29 Loom
13:54 Feudal Age
18:22 Double-Bit Axe
22:09 Castle Age
21:05 Scale Barding Armor
21:09 Gold Mining
22:43 Forging
22:56 Husbandry
24:57 Domestication
30:53 Pastoralism
31:30 Chain Barding Armor
31:45 Iron Casting
32:37 Bow Saw
42:38 Imperial Age
42:41 Elite Steppe Lancer
44:56 Plate Barding Armor
Merlyah
5:31 Loom
12:33 Feudal Age
13:47 Horse Collar
14:01 Man-at-Arms
24:19 Castle Age
22:10 Double-Bit Axe
22:19 Gold Mining
22:32 Scale Mail Armor
24:21 Forging
26:58 Wheelbarrow
25:52 Elite Skirmisher
25:57 Pikeman
33:54 Imperial Age
34:10 Squires
34:27 Chain Mail Armor
34:03 Fletching
34:01 Halberdier
34:46 Town Watch
38:36 Iron Casting
38:42 Conscription
38:47 Heavy Plow
39:25 Anarchy
42:03 Bodkin Arrow
42:26 Bow Saw
43:01 Caravan
Connection lost

Rejoining the realm…

Still unreachable

The connection could not be restored.

Session expired

The server has moved on; the page needs a fresh start.